 Dungeon Crawl Stone Soup version 0.20.1-1-g8b1a95d (webtiles) character file.

1029 Golfball the Cudgeler (level 8, -1/124 HPs)
             Began as a Troll Berserker on Aug 2, 2017.
             Was an Elder of Trog.
             Slain by a two-headed ogre
             ... wielding a +0 giant spiked club
              (14 damage)
             ... on level 6 of the Dungeon.
             The game lasted 00:23:19 (3776 turns).

Golfball the Cudgeler (Troll Berserker)             Turns: 3776, Time: 00:23:20

Health: -1/124     AC:  6    Str: 31    XL:     8   Next: 3%
Magic:  7/7        EV: 10    Int:  4    God:    Trog [****..]
Gold:   152        SH:  0    Dex: 10    Spells: 7/7 levels left

rFire    . . .     SeeInvis .   v - +1 mace (venom)
rCold    + . .     Gourm    +   (no shield)
rNeg     + . .     Faith    .   b - +1 animal skin
rPois    .         Spirit   .   (helmet restricted)
rElec    .         Reflect  .   (no cloak)
rCorr    .         Harm     .   (gloves unavailable)
MR       ++...                  (boots unavailable)
Stlth    ..........             (no amulet)
Regen    1.7/turn               w - ring of positive energy
MPRegen  0.1/turn               u - ring of protection from cold

@: berserking (expiring), regenerating, very quick
A: unfitting armour, claws 3, fast metabolism 3, gourmand, regeneration 1,
shaggy fur 1, tough skin 2
a: Berserk, Trog's Hand, Brothers in Arms, Burn Spellbooks, Renounce Religion


You were on level 6 of the Dungeon.
You worshipped Trog.
Trog was greatly pleased with you.
You were very full.

You visited 1 branch of the dungeon, and saw 6 of its levels.

You collected 308 gold pieces.
You spent 156 gold pieces at shops.

Inventory:

Hand Weapons
 a - a +1 mace
 e - a +1 vampiric whip
 v - a +1 mace of venom (weapon)
Missiles
 i - 15 poisoned needles
Armour
 b - a +1 animal skin (worn)
Jewellery
 u - a ring of protection from cold (right claw)
 w - a ring of positive energy (left claw)
Wands
 r - a wand of flame (12/48)
 x - a wand of iceblast (7/15)
Scrolls
 o - 3 scrolls of teleportation
 s - a scroll of remove curse
Potions
 f - 3 potions of brilliance
 h - 3 potions of mutation
 j - 3 potions of might
 k - 3 potions of curing
 l - 2 potions of ambrosia
 n - a potion of magic {unknown}
 p - 3 potions of heal wounds
 q - a potion of cancellation {unknown}
 z - a potion of flight {unknown}
Books
 t - a book of Changes

   Spells                             Type                      Level
   a - Beastly Appendage              Transmutation                1
   b - Sticks to Snakes               Transmutation                2
   c - Spider Form                    Transmutation/Poison         3
   d - Ice Form                       Ice/Transmutation            4
   e - Blade Hands                    Transmutation                5
   Trog disapproves of the use of such an item.
Comestibles
 c - 6 bread rations
 d - 2 chunks of flesh
 g - 6 fruits
 m - a royal jelly


   Skills:
 + Level 5.8 Fighting
 + Level 6.8 Maces & Flails
 - Level 2.4 Dodging


You had 7 spell levels left.
You didn't know any spells.

Dungeon Overview and Level Annotations

Branches:
Dungeon (6/15)             Temple (0/1) D:5

Altars:
Dithmenos
Kikubaaqudgha
Trog
Uskayaw
Xom
Yredelemnul
Zin

Shops:
D:4 *


Innate Abilities, Weirdness & Mutations

You are too large for most types of armour.
You have claws for hands.
Your metabolism is lightning-fast.
You like to eat raw meat.
Your natural rate of healing is unusually fast.
You are covered in fur. (AC +1)
You have very tough skin. (AC +2)


Message History

* * * LOW HITPOINT WARNING * * *
The two-headed ogre completely misses you.
You hit the two-headed ogre.
The two-headed ogre looks as sick as possible!
The two-headed ogre is severely wounded.
You sock the two-headed ogre!
The two-headed ogre looks as sick as possible!
The two-headed ogre is almost dead.
The two-headed ogre completely misses you.
The two-headed ogre hits you with a giant club!
* * * LOW HITPOINT WARNING * * *
You barely miss the two-headed ogre.
The two-headed ogre is almost dead.
You hit the two-headed ogre.
The two-headed ogre looks as sick as possible!
The two-headed ogre is almost dead.
The two-headed ogre hits you with a giant spiked club!
* * * LOW HITPOINT WARNING * * *
The two-headed ogre hits you with a giant club!
You die...

#.........####......###
##.......## #..#####
##.....## #.## ##...##
#.# ##'## #.# #.# #.#
#.# #.# ##.## #.# #..@#
#.# #....O.# #.#
##...#.# .........
####.##.### #.# . #$# )
#.


You could see a two-headed ogre.

Vanquished Creatures
  2 centaurs
  An ogre (D:4)
  A vampire bat (D:5)
  A crimson imp (D:6)
  2 hounds (D:4)
  4 orc priests
  Ijyb (D:3)
  Natasha (thrice) (D:2)
  7 orc wizards
  A worker ant (D:5)
  6 adders
  A river rat (D:3)
  An ooze (D:4)
  5 worms
  4 leopard geckos
  25 orcs
  2 bat skeletons (D:5)
  2 bat zombies (D:5)
  8 giant cockroaches
  5 goblins
  6 hobgoblins
  6 jackals
  A quokka (D:2)
  A ball python (D:4)
  7 bats
  5 frilled lizards
  A giant cockroach zombie (D:4)
  7 kobolds
  13 rats
  A butterfly (D:6)
130 creatures vanquished.

Notes
Turn   | Place    | Note
-------+----------+-------------------------------------------
     0 | D:1      | Golfball the Troll Berserker began the quest for the Orb.
     0 | D:1      | Reached XP level 1. HP: 22/22 MP: 0/0
    91 | D:1      | Reached skill level 3 in Maces & Flails
    99 | D:1      | Reached XP level 2. HP: 19/29 MP: 1/1
   447 | D:2      | Reached XP level 3. HP: 22/36 MP: 2/2
   574 | D:2      | Noticed Natasha
   578 | D:2      | Killed Natasha
   670 | D:2      | Noticed Natasha
   684 | D:2      | Killed Natasha
   684 | D:2      | Reached XP level 4. HP: 23/45 MP: 3/3
   784 | D:2      | Reached ** piety under Trog
   829 | D:2      | Noticed Natasha
   837 | D:2      | Killed Natasha
   837 | D:2      | Reached skill level 4 in Maces & Flails
  1239 | D:3      | Reached XP level 5. HP: 39/54 MP: 4/4
  1575 | D:3      | Found a glowing silver altar of Zin.
  1593 | D:3      | Noticed Ijyb
  1610 | D:3      | Killed Ijyb
  1610 | D:3      | Reached XP level 6. HP: 51/62 MP: 5/5
  1814 | D:3      | Reached skill level 5 in Maces & Flails
  1836 | D:3      | Reached *** piety under Trog
  2486 | D:4      | Reached XP level 7. HP: 34/71 MP: 6/6
  2493 | D:4      | Reached skill level 5 in Fighting
  2657 | D:4      | Found Daneacvaenku's General Store.
  2689 | D:4      | Bought a scroll of identify for 20 gold pieces
  2689 | D:4      | Bought a +1 mace of venom for 106 gold pieces
  2689 | D:4      | Bought a scroll of remove curse for 30 gold pieces
  2781 | D:4      | Reached skill level 6 in Maces & Flails
  2849 | D:4      | Found a shadowy altar of Dithmenos.
  2992 | D:5      | Entered Level 5 of the Dungeon
  3294 | D:5      | Found a bloodstained altar of Trog.
  3340 | D:5      | Found a basalt altar of Yredelemnul.
  3347 | D:5      | Found a hide-covered altar of Uskayaw.
  3407 | D:5      | Found a staircase to the Ecumenical Temple.
  3508 | D:5      | Found an ancient bone altar of Kikubaaqudgha.
  3591 | D:5      | Reached **** piety under Trog
  3710 | D:6      | Found a shimmering altar of Xom.
  3744 | D:6      | Reached XP level 8. HP: 73/83 MP: 7/7
  3761 | D:6      | Noticed a two-headed ogre
  3776 | D:6      | Slain by a two-headed ogre

Skill      XL: |  1  2  3  4  5  6  7 |
---------------+----------------------+-----
Maces & Flails | 3 4 5 6 |  6.8
Fighting       | 3 4 5 |  5.8
Dodging        | |  2.4

Action                   |  1- 3 |  4- 6 |  7- 9 || total
-------------------------+-------+-------+-------++-------
Melee: Mace              |    97 |   190 |   149 ||   436
Invok: Berserk           |       |     2 |     1 ||     3
       Trog's Hand       |       |     1 |     1 ||     2
       Burn Spellbooks   |       |     1 |       ||     1
  Use: Scroll            |     6 |     5 |     6 ||    17
  Eat: Chunk             |    12 |    18 |    14 ||    44
Armor: Animal skin       |    45 |    62 |    83 ||   190
Dodge: Dodged            |    60 |    99 |    89 ||   248
